 Dungeon Crawl Stone Soup version 0.20.0-1-g1cb1d84 (webtiles) character file.

2856 Hasart the Firebug (level 9, -4/92 HPs)
             Began as an Ogre Fire Elementalist on May 26, 2017.
             Was an Initiate of Sif Muna.
             Slain by a manticore (7 damage)
             ... on level 7 of the Dungeon.
             The game lasted 00:35:04 (10041 turns).

Hasart the Firebug (Ogre Fire Elementalist)        Turns: 10041, Time: 00:35:05

Health: -4/92      AC:  3    Str: 14    XL:     9   Next: 75%
Magic:  2/18       EV: 16    Int: 19    God:    Sif Muna [......]
Gold:   487        SH:  0    Dex:  9    Spells: 10/20 levels left

rFire    . . .     SeeInvis +   M - +0 mace (venom)
rCold    . . .     Gourm    .   (no shield)
rNeg     + . .     Faith    .   a - +0 robe
rPois    +         Spirit   .   (helmet restricted)
rElec    .         Reflect  .   (no cloak)
rCorr    .         Harm     .   (gloves unavailable)
MR       .....                  (boots unavailable)
Stlth    ++........             t - amulet of magic regeneration
Regen    0.3/turn               D - ring of positive energy
MPRegen  0.3/turn               I - ring of Vium {rPois EV+5 SInv Stlth+}

@: barbed spikes, very slightly contaminated
A: unfitting armour, tough skin 1
a: Renounce Religion


You were on level 7 of the Dungeon.
You worshipped Sif Muna.
Sif Muna was noncommittal.
You were near starving.

You visited 2 branches of the dungeon, and saw 8 of its levels.
You also visited: Sewer.

You collected 487 gold pieces.

Inventory:

Hand Weapons
 H - a +2 halberd of pain
 M - a +0 mace of venom (weapon)
Armour
 a - a +0 robe (worn)
Magical Staves
 Q - an uncursed staff of poison
Jewellery
 d - an uncursed ring of flight
 t - an amulet of magic regeneration (around neck)
 y - an uncursed ring of ice
 D - a ring of positive energy (left hand)
 G - an uncursed ring of see invisible
 I - the ring of Vium (right hand) {rPois EV+5 SInv Stlth+}
   (You found it on level 5 of the Dungeon)

   [ring of evasion]

   It affects your evasion (+5).
   It protects you from poison.
   It lets you see invisible.
   It makes you more stealthy.
 O - an uncursed ring of wizardry {unknown}
Wands
 r - a wand of random effects (23/48)
 R - a wand of random effects (40/48)
Scrolls
 f - a scroll of blinking {unknown}
 i - 8 scrolls of identify
 k - 2 scrolls of enchant weapon {unknown}
 l - 3 scrolls of random uselessness {unknown}
 m - 4 scrolls of magic mapping {unknown}
 o - 2 scrolls of noise {unknown}
 q - 2 scrolls of fear {unknown}
 x - 3 scrolls of amnesia {unknown}
 F - a scroll of enchant armour {unknown}
 K - 2 scrolls of immolation {unknown}
 L - a scroll of remove curse
 N - a scroll of silence {unknown}
 P - a scroll of teleportation {unknown}
Potions
 g - a potion of magic {unknown}
 h - 2 potions of brilliance {unknown}
 j - 4 potions of lignification {unknown}
 p - a potion of mutation {unknown}
 s - a potion of resistance {unknown}
 u - 2 potions of agility {unknown}
 v - 3 potions of degeneration {unknown}
 w - a potion of cancellation {unknown}
 z - 3 potions of curing {unknown}
 B - a potion of berserk rage {unknown}
 C - 3 potions of might {unknown}
 E - 2 potions of ambrosia {unknown}
Books
 b - a book of Flames

   Spells                             Type                      Level
   a - Flame Tongue                   Conjuration/Fire             1
   b - Throw Flame                    Conjuration/Fire             2
   c - Conjure Flame                  Conjuration/Fire             3
   d - Inner Flame                    Hexes/Fire                   3
   e - Sticky Flame                   Conjuration/Fire             4
   f - Fireball                       Conjuration/Fire             5
Comestibles
 c - 4 bread rations
 n - 3 meat rations
 A - 11 fruits
 J - 3 royal jellies


   Skills:
 + Level 6.4 Fighting
 + Level 5.2 Dodging
 - Level 1.4 Stealth
 + Level 6.2 Spellcasting
 + Level 4.7 Conjurations
 * Level 7.4 Fire Magic
 + Level 2.1 Invocations


You had 10 spell levels left.
You knew the following spells:

 Your Spells              Type           Power        Failure   Level  Hunger
a - Flame Tongue          Conj/Fire      ####.        1%          1    None
b - Sticky Flame          Conj/Fire      ####....     9%          4    ####...
c - Fireball              Conj/Fire      ####......   24%         5    #####..


Dungeon Overview and Level Annotations

Branches:
Dungeon (7/15)             Temple (1/1) D:7

Altars:
Ashenzari
Hepliaklqana
Kikubaaqudgha
Nemelex Xobeh
Okawaru
Qazlal
Sif Muna
Yredelemnul

Shops:
D:4 *   D:6 [   D:7 =

Annotations:
D:2 1 runed door


Innate Abilities, Weirdness & Mutations

You are too large for most types of armour.
You have tough skin. (AC +1)


Message History

The manticore is covered in liquid flames!
The manticore burns!
The manticore bites you!
* * * LOW HITPOINT WARNING * * *
The manticore claws you!
* * * LOW HITPOINT WARNING * * *
The manticore claws you.
* * * LOW HITPOINT WARNING * * *
Casting: Sticky Flame
Confirm with . or Enter, or press ? or * to list all spells.
You don't have enough magic to cast that spell.
Casting: Sticky Flame
Confirm with . or Enter, or press ? or * to list all spells.
Aiming: Flame Tongue
Press: ? - help, Shift-Dir - straight line, f/p - manticore
Aim: a manticore (heavily wounded, covered in liquid flames)
The flame tongue hits the manticore.
The manticore is severely wounded.
The manticore burns!
The manticore closely misses you. x2
The manticore claws you!
You die...

##....#..#....#.#.##.....†..
##.....#.#....#..#.##........
#......#.......)©#.###.......
##......#.#....#..#.#
#.......
#.......#..#....#.#.#
#.......
#.......#.$?=$!"$.#.#
##......
#.......##8.zY..8##.# ##.....
###......#########..# #.....
##.........@H....## ##....
###.#.......##### ##..#
#####..####...## #..#
##......# ##### ##.#
#.......## ####.. ##...##..#
#######..... #######.##
########...........
####..###.........#####....
##...........##.#### #.....


You could see a manticore (burning), an ice beast and a wight.

Vanquished Creatures
  A wyvern (D:7)
  Eustachio (D:4)
  Menkaure (D:6)
  Duvessa (D:6)
  A water moccasin (D:6)
  An orc warrior (D:6)
  2 sky beasts
  3 ice beasts
  A phantom (D:6)
  An ogre (D:7)
  4 bullfrogs
  2 scorpions
  Dowan (D:6)
  A howler monkey (D:6)
  2 crimson imps
  2 hounds
  2 jellies (D:6)
  A gnoll shaman (D:6)
  2 orc priests
  A centaur skeleton (D:7)
  5 orc wizards
  An iguana (D:7)
  6 worker ants
  A hound skeleton (D:4)
  9 gnolls
  8 adders
  A shadow imp (D:5)
  17 oozes
  An adder skeleton (D:6)
  3 worms (D:2)
  A dart slug (D:2)
  15 leopard geckos
  8 orcs
  21 giant cockroaches
  5 goblins
  8 hobgoblins
  9 jackals
  4 quokkas
  17 ball pythons
  12 bats
  12 frilled lizards
  6 kobolds
  A leopard gecko skeleton (D:4)
  A quokka skeleton (D:5)
  12 rats
215 creatures vanquished.

Vanquished Creatures (others)
  Blork the orc (D:4)
1 creature vanquished.

Grand Total: 216 creatures vanquished

Notes
Turn   | Place    | Note
-------+----------+-------------------------------------------
     0 | D:1      | Hasart the Ogre Fire Elementalist began the quest for the Orb.
     0 | D:1      | Reached XP level 1. HP: 16/16 MP: 3/3
   423 | D:1      | Reached XP level 2. HP: 24/24 MP: 0/5
   497 | D:1      | Reached skill level 3 in Fire Magic
  1083 | D:1      | Reached skill level 1 in Fighting
  1083 | D:1      | Reached skill level 1 in Conjurations
  1083 | D:1      | Reached XP level 3. HP: 20/33 MP: 2/7
  1359 | D:2      | Found a hazy altar of Hepliaklqana.
  1910 | D:2      | Reached XP level 4. HP: 31/41 MP: 8/8
  2374 | D:2      | Noticed a human
  2375 | D:2      | Found a runed door.
  2379 | D:2      | Found a basalt altar of Yredelemnul.
  2893 | D:3      | Reached XP level 5. HP: 38/49 MP: 3/9
  3110 | D:3      | Learned a level 4 spell: Sticky Flame
  3820 | D:4      | Found Luicecoz's General Store.
  3829 | D:4      | Noticed Blork the orc
  3840 | D:4      | Killed Blork the orc
  3840 | D:4      | Reached skill level 4 in Fire Magic
  3840 | D:4      | Reached XP level 6. HP: 43/59 MP: 4/11
  3985 | D:4      | Noticed Eustachio
  3994 | D:4      | Killed Eustachio
  4685 | D:5      | Entered Level 5 of the Dungeon
  4700 | D:5      | Reached XP level 7. HP: 62/67 MP: 7/12
  4971 | D:5      | Found a glowing drain.
  4975 | Sewer    | Entered a sewer
  5504 | Sewer    | Reached skill level 5 in Fire Magic
  6267 | D:5      | Reached XP level 8. HP: 67/78 MP: 8/14
  6453 | D:5      | Found a shattered altar of Ashenzari.
  6521 | D:5      | Got a faintly glowing glass ring
  6826 | D:6      | Noticed Menkaure
  7143 | D:6      | Noticed Duvessa
  7143 | D:6      | Noticed Dowan
  7147 | D:6      | Killed Dowan
  7151 | D:6      | Killed Duvessa
  7151 | D:6      | Reached skill level 6 in Fire Magic
  7328 | D:6      | Killed Menkaure
  7328 | D:6      | Reached skill level 5 in Fighting
  7328 | D:6      | Reached skill level 5 in Spellcasting
  7604 | D:6      | Identified the ring of Vium {rPois EV+5 SInv Stlth+} (You found it on level 5 of the Dungeon)
  7706 | D:6      | Found Bihikk's Antique Armour Shop.
  8158 | D:6      | Reached XP level 9. HP: 56/88 MP: 11/16
  8831 | D:6      | Found an iron altar of Okawaru.
  8831 | D:6      | Found a deep blue altar of Sif Muna.
  8832 | D:6      | Found a sparkling altar of Nemelex Xobeh.
  8832 | D:6      | Found a basalt altar of Yredelemnul.
  8838 | D:6      | Reached skill level 7 in Fire Magic
  8849 | D:6      | Became a worshipper of Sif Muna the Loreminder
  8856 | D:6      | Learned a level 5 spell: Fireball
  9022 | D:7      | Found a staircase to the Ecumenical Temple.
  9039 | Temple   | Entered the Ecumenical Temple
  9093 | D:7      | Reached skill level 5 in Dodging
  9093 | D:7      | Reached skill level 1 in Invocations
  9395 | D:7      | Found an ancient bone altar of Kikubaaqudgha.
  9406 | D:7      | Noticed a manticore
  9455 | D:7      | Found Ygyuw's Jewellery Shop.
  9848 | D:7      | Found a stormy altar of Qazlal.
 10040 | D:7      | HP: 3/92 [manticore (5)]
 10041 | D:7      | Slain by a manticore

Skill      XL: |  1  2  3  4  5  6  7  8  9 |
---------------+----------------------------+-----
Dodging        | 2 3 4 5 |  5.2
Fire Magic     | 3 4 5 6 7 |  7.4
Fighting       | 1 2 3 4 5 6 |  6.4
Conjurations   | 1 2 3 4 |  4.7
Spellcasting   | 3 4 5 6 |  6.2
Invocations    | 2 |  2.1
Stealth        | |  1.4

Action                   |  1- 3 |  4- 6 |  7- 9 || total
-------------------------+-------+-------+-------++-------
Melee: Unarmed           |     7 |       |       ||     7
       Club              |    14 |       |       ||    14
       Mace              |    40 |    94 |    29 ||   163
       Glaive            |       |    36 |    33 ||    69
       Halberd           |       |       |    88 ||    88
 Cast: Flame Tongue      |    43 |    81 |   107 ||   231
       Sticky Flame      |       |       |    37 ||    37
  Use: Scroll            |       |     2 |     2 ||     4
       Potion            |       |     1 |     1 ||     2
 Stab: Sleeping          |     2 |     2 |     5 ||     9
  Eat: Chunk             |     3 |     9 |    20 ||    32
       Royal jelly       |       |       |     1 ||     1
Armor: Robe              |    34 |    70 |    40 ||   144
Dodge: Dodged            |    62 |   117 |   203 ||   382
